 Dungeon Crawl Stone Soup version 0.26-a0-812-g31a745ddcd (webtiles) character file.

Game seed: 487661539491479452

45 vurker the Sneak (level 3, -1/25 HPs)
             Began as a Gnoll Enchanter on Dec 7, 2020.
             Slain by a wight
             ... wielding a cursed +0 dire flail of draining
              (3 damage)
             ... on level 2 of the Dungeon.
             The game lasted 00:01:08 (1363 turns).

vurker the Sneak (Gnoll Enchanter)                  Turns: 1363, Time: 00:01:08

Health: -1/25      AC:  3    Str: 10    XL:     3   Next: 64%
Magic:  3/3        EV: 13    Int: 18    God:
Gold:   53         SH:  0    Dex: 15    Spells: 11/12 levels left

rFire    . . .     SeeInvis .   e - +2 short sword (antimagic)
rCold    . . .     Faith    .   (no shield)
rNeg     . . .     Spirit   .   d - +0 leather armour
rPois    .         Reflect  .   (no helmet)
rElec    .         Harm     .   (no cloak)
rCorr    .         Rampage  .   (no gloves)
MR       .....                  (no boots)
Stlth    +++.......             (no amulet)
HPRegen  0.08/turn              (no ring)
MPRegen  0.08/turn              (no ring)

@: drained
A: distributed training, fangs 1, strong nose
a: no special abilities


You were on level 2 of the Dungeon.
You visited 1 branch of the dungeon, and saw 2 of its levels.

You collected 53 gold pieces.

Inventory:

Hand Weapons
 e - a +2 antimagic short sword (weapon)
   (You found it on level 1 of the Dungeon)
Armour
 d - a +0 leather armour (worn)
   (You found it on level 1 of the Dungeon)
Scrolls
 a - a scroll of amnesia {unknown}
 b - a scroll of teleportation {unknown}
 f - 4 scrolls of identify {unknown}
 g - 3 scrolls of remove curse {unknown}
 h - a scroll of noise {unknown}
Potions
 c - 2 potions of invisibility {unknown}
 i - a potion of might {unknown}
 j - a potion of resistance {unknown}


   Skills:
 + Level 0.9(0.0) Fighting
 + Level 2.6(1.7) Short Blades
 + Level 0.9(0.0) Long Blades
 + Level 0.9(0.0) Axes
 + Level 0.9(0.0) Maces & Flails
 + Level 0.9(0.0) Polearms
 + Level 0.9(0.0) Staves
 + Level 0.9(0.0) Slings
 + Level 0.9(0.0) Bows
 + Level 0.9(0.0) Crossbows
 + Level 0.9(0.0) Throwing
 + Level 0.9(0.0) Armour
 + Level 4.5(3.5) Dodging
 + Level 6.0(4.9) Stealth
 + Level 0.9(0.0) Shields
 + Level 0.9(0.0) Unarmed Combat
 + Level 5.0(4.0) Spellcasting
 + Level 0.6(0.0) Conjurations
 + Level 5.4(4.4) Hexes
 + Level 0.6(0.0) Summonings
 + Level 0.6(0.0) Necromancy
 + Level 0.6(0.0) Translocations
 + Level 0.6(0.0) Transmutations
 + Level 0.6(0.0) Fire Magic
 + Level 0.6(0.0) Ice Magic
 + Level 0.6(0.0) Air Magic
 + Level 0.6(0.0) Earth Magic
 + Level 0.6(0.0) Poison Magic
 + Level 1.0(0.1) Invocations
 + Level 0.9(0.0) Evocations


You had 11 spell levels left.
You knew the following spells:

 Your Spells              Type           Power        Failure   Level
a - Corona                Hex            ###....      3%          1

Your spell library contained the following spells:

 Spells                   Type           Power        Failure   Level
 Confusing Touch          Hex            ###.....     10%         3
 Tukima's Dance           Hex            ###.....     10%         3
 Ensorcelled Hibernation  Hex/Ice        ##....       12%         2
 Dazzling Flash           Conj/Hex       ##....       24%         3


Dungeon Overview and Level Annotations

Branches:
Dungeon (2/15)

Altars:


Innate Abilities, Weirdness & Mutations

Your experience applies equally to all skills.
You have very sharp teeth.
Your uncanny sense of smell can sniff out nearby items.


Message History

No target in view!
No target in view!
No target in view!
No target in view!
No target in view!
No target in view!
No target in view!
No target in view!
No target in view!
No target in view!
No target in view!
No target in view!
You see here a dart slug corpse.
A frilled lizard comes into view.
The frilled lizard hisses angrily.
A frilled lizard is nearby!
A frilled lizard is nearby!
The frilled lizard bites you but does no damage.
You hit the frilled lizard.
You kill the frilled lizard!
No target in view!
Found an escape hatch in the floor.
Found a scroll labelled VOREULURCHA.
A rat comes into view.
A rat is nearby!
A rat is nearby!
Found 15 stones and a paperback book.
A wight comes into view.
It is wielding a +0 dire flail of draining.
You hit the wight but do no damage. The wight misses you.
You hit the wight. The wight closely misses you.
You barely miss the wight. The wight barely misses you.
You hit the wight.
The wight hits you with a cursed +0 dire flail of draining!
You feel drained.
* * * LOW HITPOINT WARNING * * *
You feel drained.
* * * LOW HITPOINT WARNING * * *
You aren't carrying any items that you can evoke.
Unknown command.
You hit the wight but do no damage. The wight misses you.
You closely miss the wight. You hit the wight but do no damage.
The wight barely misses you.
You hit the wight. The wight closely misses you.
You closely miss the wight. The wight barely misses you.
You closely miss the wight. The wight closely misses you.
You barely miss the wight.
The wight hits you with a cursed +0 dire flail of draining!
* * * LOW HITPOINT WARNING * * *
You feel drained.
You die...

#####.....##### ∆
..............#
#########.....### #
#####.............#.#.#
..................?....
#######.#####..........
#.......>..............
#.#####.#######.#..(...
#####.#
#.....@zr.+....:.
......##
#.#######.#......
#####..# #.# #.#......
#..# #.# #.# .....
...##..## #.# #.# ....
........# #.# #..∆
...####.###.# #.. ##
#..##.# .. ##.##.#


You could see a wight and a rat.

Vanquished Creatures
  An ooze (D:1)
  4 dart slugs
  A leopard gecko (D:1)
  4 goblins (D:1)
  4 hobgoblins (D:1)
  3 jackals (D:1)
  4 bats (D:1)
  5 frilled lizards
  A kobold (D:2)
  5 rats (D:1)
32 creatures vanquished.

Notes
Turn   | Place    | Note
-------+----------+-------------------------------------------
     0 | D:1      | vurker the Gnoll Enchanter began the quest for the Orb.
     0 | D:1      | Reached XP level 1. HP: 13/13 MP: 6/6
   204 | D:1      | Reached XP level 2. HP: 19/19 MP: 7/7
   539 | D:1      | Reached XP level 3. HP: 19/25 MP: 9/9
   665 | D:1      | Reached skill level 5 in Spellcasting
   674 | D:1      | Reached skill level 6 in Stealth
  1079 | D:1      | Reached skill level 1 in Invocations
  1363 | D:2      | Slain by a wight

Illustrated notes

Levels and vault maps discovered:
D:1:      shiori_shiawase, layout_basic, minmay_tetromino_s4
D:2:      layout_basic, uniq_crazy_yiuf_cottage

Skill      XL: |  1  2  3 |
---------------+----------+-----
Spellcasting   | 5 |  5.0
Stealth        | 6 |  6.0
Invocations    | 1 |  1.0
Fighting       | |  0.9
Short Blades   | |  2.6
Long Blades    | |  0.9
Axes           | |  0.9
Maces & Flails | |  0.9
Polearms       | |  0.9
Staves         | |  0.9
Slings         | |  0.9
Bows           | |  0.9
Crossbows      | |  0.9
Throwing       | |  0.9
Armour         | |  0.9
Dodging        | |  4.5
Shields        | |  0.9
Unarmed Combat | |  0.9
Conjurations   | |  0.6
Hexes          | |  5.4
Summonings     | |  0.6
Necromancy     | |  0.6
Translocations | |  0.6
Transmutations | |  0.6
Fire Magic     | |  0.6
Ice Magic      | |  0.6
Air Magic      | |  0.6
Earth Magic    | |  0.6
Poison Magic   | |  0.6
Evocations     | |  0.9

Action                   || total
-------------------------++-------
Melee: Dagger            ||    70
       Bite              ||    15
       Short sword       ||    43
 Stab: Sleeping          ||     4
Armor: Leather armour    ||    19
       Robe              ||     1
Dodge: Dodged            ||    80

Table legend: (Time is in decaauts)
 A = Elapsed time spent in this place.
 B = Non-inter-level travel time spent in this place.
 C = Inter-level travel time spent in this place.
 D = Time resting spent in this place.
 E = Time spent auto-exploring this place.
 F = Levels seen in this place.
 G = Mean time per level.
                   A        B        C        D        E       F      G
               +--------+--------+--------+--------+--------+-----+--------+
         Total |   1352 |   1314 |     38 |      0 |   1080 |   2 |  676.0 |
       Dungeon |   1352 |   1314 |     38 |      0 |   1080 |   2 |  676.0 |
               +--------+--------+--------+--------+--------+-----+--------+

Top non-repeatable levels by time:
     D:1: 1175 daAuts
     D:2: 177 daAuts
